 Dungeon Crawl Stone Soup version 0.31-a0-145-g046c7d2549 (webtiles) character file.

Game seed: 3571960622762729300

47 Ijustatesigmund the Stinger (level 3, 0/23 HPs)
             Began as an Octopode Venom Mage on June 6, 2023.
             Slain by a gnoll
             ... wielding a +0 spear
              (4 damage)
             ... on level 2 of the Dungeon.
             The game lasted 00:03:46 (1616 turns).

Ijustatesigmund the Stinger (Octopode Venom Mage)   Turns: 1616, Time: 00:03:46

Health: 0/23       AC:  1    Str:  7    XL:     3   Next: 70%
Magic:  3/6        EV: 13    Int: 19    God:
Gold:   62         SH:  0    Dex: 18    Spells: 3/6 levels left

rFire   . . .        k - +0 mace
rCold   . . .        (no shield)
rNeg    + . .        (helmet restricted)
rPois   .            (no amulet)
rElec   .            c - +6 ring of dexterity
rCorr   .            d - ring of positive energy
SInv    .            (no ring)
Will    .....        (no ring)
Stlth   +++          (no ring)
HPRegen 0.23/turn    (no ring)
MPRegen 0.10/turn    (no ring)
                     (no ring)

%: no passive effects
@: no status effects
A: almost no armour, amphibious, 8 rings, camouflage 1, gelatinous body 1,
(nimble swimmer 1), tentacles
a: no special abilities


You were on level 2 of the Dungeon.
You visited 1 branch of the dungeon, and saw 2 of its levels.

You collected 86 gold pieces.
You spent 24 gold pieces at shops.

Inventory:

Hand Weapons
 k - a +0 mace (weapon)
Jewellery
 c - a +6 ring of dexterity (left tentacle)
 d - a ring of positive energy (right tentacle)
 f - a ring of protection from fire
Scrolls
 h - a scroll of immolation
 j - a scroll of amnesia
 l - a scroll of fog {unknown}
Potions
 a - a potion of magic
 b - 2 potions of brilliance
 e - a potion of lignification
 g - a potion of heal wounds
 i - a potion of mutation {unknown}


   Skills:
 + Level 1.3 Fighting
 - Level 2.0 Dodging
 - Level 2.6 Stealth
 + Level 2.3 Spellcasting
 + Level 1.7 Transmutations
 + Level 0.9 Air Magic
 + Level 4.1 Poison Magic


You had 3 spell levels left.
You knew the following spells:

 Your Spells              Type           Power      Damage    Failure   Level
a - Sting                 Tmut/Pois      52%        1d5       4%          1
b - Poisonous Vapours     Pois/Air       22%        N/A       9%          2

Your spell library contained the following spells:

 Spells                   Type           Power      Damage    Failure   Level
 Kiss of Death            Conj/Necr      8%         2d6       16%         1
 Mephitic Cloud           Conj/Pois/Air  8%         N/A       24%         3
 Confusing Touch          Hex            2%         N/A       43%         3
 Dazzling Flash           Conj/Hex       4%         N/A       43%         3
 Volatile Blastmotes      Fire/Tloc      4%         2d10      43%         3
 Olgreb's Toxic Radiance  Pois           17%        N/A       30%         4
 Dispel Undead            Necr           2%         3d7       85%         4
 Iskenderun's Mystic Bla  Conj/Tloc      2%         2d3       85%         4
 Starburst                Conj/Fire      1%         6d3       100%        6


Dungeon Overview and Level Annotations

Branches:
Dungeon (2/15)

Altars:

Shops:
D:1 ?


Innate Abilities, Weirdness & Mutations

You cannot wear most types of armour.
You are amphibious.
You can wear up to eight rings at the same time.
Your skin changes colour to match your surroundings (Stealth+).
Your rubbery body absorbs attacks. (AC +1, EV +1)
((You are camouflaged when in or above water. (Stealth+)))
You have tentacles for arms and can constrict up to eight enemies at once.


Message History

Casting: Poisonous Vapours (safe; 9% risk of failure)
Confirm with . or Enter, or press ? or * to list all spells.
Okay, then.
Casting: Poisonous Vapours (safe; 9% risk of failure)
Confirm with . or Enter, or press ? or * to list all spells.
Aiming: Poisonous Vapours (safe; 9% risk of failure)
Press: ? - help, Dir - move target, f - gnoll
Aim: a gnoll, wielding a +0 spear Poisonous vapours surround the gnoll!
The gnoll is poisoned.
The gnoll barely misses you.
You hit the gnoll but do no damage. Your grab misses the gnoll.
The gnoll is lightly wounded.
You barely miss the gnoll. You grab the gnoll.
You tentacle-slap the gnoll, but do no damage.
You constrict the gnoll. The gnoll closely misses you.
The gnoll barely misses you. x3; The gnoll hits you with a +0 whip.
The gnoll shouts!
You hit the gnoll.
The gnoll is lightly wounded.
You constrict the gnoll, but do no damage.
The gnoll hits you with a +0 whip. The gnoll barely misses you. x2
You hit the gnoll but do no damage.
The gnoll is lightly wounded.
You constrict the gnoll. The gnoll closely misses you. The gnoll misses you.
The gnoll barely misses you. x2; The gnoll closely misses you. x2
Casting: Poisonous Vapours (safe; 9% risk of failure)
Confirm with . or Enter, or press ? or * to list all spells.
Aiming: Poisonous Vapours (safe; 9% risk of failure)
Press: ? - help, Dir - move target, f/p - gnoll
Aim: a gnoll, wielding a +0 spear (lightly wounded, poisoned) Poisonous vapours surround the gnoll!
The gnoll looks even sicker.
You constrict the gnoll.
The gnoll hits you from afar with a +0 spear.
The gnoll closely misses you. The gnoll barely misses you.
You hit the gnoll.
You kill the gnoll!
The gnoll hits you from afar with a +0 spear!
* * * LOW HITPOINT WARNING * * *
The gnoll hits you from afar with a +0 spear.
You die...

#.... ♣♣# ♣...
..# #.. ..#
#.♣.♣ ### #.#.#
..#g### #####
#.#gg.# ....#
#.#)### ###.#
#.#@# #
#######.#.# .#
#.........# ##
.# #.......###
.##.# #.......#
..[.# #.......#
...###########.#
..##...........#
...#...........#


You could see 3 gnolls.

Vanquished Creatures
  An adder (D:2)
  A gnoll (D:2)
  A dart slug (D:1)
  2 ball pythons (D:1)
  2 endoplasms
  A giant cockroach (D:2)
  3 goblins
  5 hobgoblins
  2 jackals (D:1)
  4 kobolds
  3 quokkas
  3 bats (D:1)
  A frilled lizard (D:2)
  5 rats
34 creatures vanquished.

Notes
Turn   | Place    | Note
-------+----------+-------------------------------------------
     0 | D:1      | Ijustatesigmund the Octopode Venom Mage began the quest for
                  | the Orb.
     0 | D:1      | Reached XP level 1. HP: 11/11 MP: 3/3
    91 | D:1      | Found Aniyrgh's Magic Scroll Shoppe.
   101 | D:1      | Bought a scroll of identify for 24 gold pieces
   193 | D:1      | Reached XP level 2. HP: 11/18 MP: 3/5
   227 | D:1      | Learned a level 2 spell: Poisonous Vapours
   727 | D:1      | Reached skill level 1 in Fighting
   727 | D:1      | Reached skill level 4 in Poison Magic
   727 | D:1      | Reached XP level 3. HP: 23/23 MP: 1/6
  1616 | D:2      | Slain by a gnoll

Illustrated notes

Levels and vault maps discovered:
D:1:      psy_arrival_conway, layout_loops_ring, serial_shops, shop
D:2:      layout_basic, serial_forest, infiniplex_forest_straight_5,
          infiniplex_forest_clump_diagonal, infiniplex_forest_lined_2,
          infiniplex_forest_lined_room_3, infiniplex_forest_lined_room_2,
          infiniplex_forest_lined_1, infiniplex_forest_lined_3,
          infiniplex_forest_clump_small, infiniplex_forest_end_1,
          infiniplex_forest_end_2, minmay_ruptured

Skill      XL: |  1  2 |
---------------+-------+-----
Fighting       | 1 |  1.3
Poison Magic   | 4 |  4.1
Dodging        | |  2.0
Stealth        | |  2.6
Spellcasting   | |  2.3
Transmutations | |  1.7
Air Magic      | |  0.9

Action                     || total
---------------------------++-------
  Melee: Unarmed           ||    10
         Constrict         ||    17
         Tentacles         ||     5
         Mace              ||    46
         Punch             ||     1
   Cast: Sting             ||    11
         Poisonous Vapours ||    14
    Use: Scroll            ||     7
   Stab: Sleeping          ||     3
 Armour: Skin              ||     8
  Dodge: Dodged            ||    59

Table legend: (Time is in decaauts)
 A = Elapsed time spent in this place.
 B = Non-inter-level travel time spent in this place.
 C = Inter-level travel time spent in this place.
 D = Time resting spent in this place.
 E = Time spent auto-exploring this place.
 F = Levels seen in this place.
 G = Mean time per level.
                   A        B        C        D        E       F      G
               +--------+--------+--------+--------+--------+-----+--------+
         Total |   1632 |   1594 |     38 |    210 |   1124 |   2 |  816.0 |
       Dungeon |   1632 |   1594 |     38 |    210 |   1124 |   2 |  816.0 |
               +--------+--------+--------+--------+--------+-----+--------+

Top non-repeatable levels by time:
     D:1: 1240 daAuts
     D:2: 391 daAuts
